Map: Eternal Empire LE

Players

Neeb - Winner!

  • Race: Protoss Protoss
  • Spawn Location: 1:00

Future

  • Race: Terran Terran
  • Spawn Location: 7:00

Event: DreamHack SC2 Masters 2020 Summer North America

VOD

Have the link to the VOD?

Description

Time

  • Played on: July 11, 2020, 4:03 p.m.
  • Length: 7:29

All games in this series

Show
View Real Time Build Order
Export as new Build Order

Neeb Protoss - Winner!

Build Orders: 1 Gate Expand, Zealot Archon, Dark Templar Rush 

Get SALT Encoding   

  12  0:00  Probe  
  13  0:12  Probe  
  14  0:17  Pylon  
  14  0:24  Probe  
  15  0:32  Probe  
  15  0:39  Gateway  
  15  0:40  Probe  
  16  0:47  Assimilator  
  17  0:51  Probe  
  18  1:03  Probe  
  19  1:15  Probe  
  20  1:26  Cybernetics Core  
  20  1:35  Nexus  
  20  1:37  Probe  
  21  1:44  Pylon  
  21  1:49  Probe  
  21  1:51  Assimilator  
  21  1:53  Adept  
  23  2:01  Probe  
  23  2:08  Shield Battery  
  25  2:13  Stalker, Probe  
  25  2:14  Warp Gate  
  26  2:26  Probe  
  29  2:36  Twilight Council  
  29  2:39  Probe  
  30  2:46  Pylon  
  30  2:49  Probe  
  31  2:52  Probe  
  31  2:57  Probe  
  32  3:04  Probe  
  32  3:05  Probe  
  35  3:13  Dark Shrine  
  35  3:16  Probe  
  35  3:18  Stalker  
  38  3:20  Probe  
  39  3:28  Probe  
  39  3:32  Robotics Facility, Probe  
  41  3:39  Gateway  
  41  3:42  Probe  
  41  3:47  Gateway, Probe  
  42  3:51  Probe  
  42  3:55  Probe  
  44  3:59  Probe  
  44  4:02  Pylon  
  45  4:04  Probe  
  45  4:09  Probe  
  47  4:10  Assimilator x2  
  47  4:11  Warp Prism  
  47  4:16  Probe  
  49  4:21  Probe  
  52  4:26  Dark Templar  
  52  4:28  Probe  
  52  4:30  Pylon  
  55  4:33  Probe  
  56  4:38  Pylon  
  56  4:40  Probe  
  56  4:43  Dark Templar  
  56  4:45  Dark Templar  
  61  4:46  Observer  
  61  4:48  Probe  
  61  4:52  Pylon  
  63  5:04  Nexus  
  63  5:07  Probe x2  
  63  5:12  Robotics Bay  
  63  5:19  Probe x2  
  65  5:28  Immortal  
  69  5:31  Probe x2  
  71  5:42  Probe x2  
  69  5:44  Pylon  
  69  5:46  Forge  
  71  5:50  Probe  
  71  5:51  Dark Templar x2  
  71  5:52  Probe, Pylon  
  71  5:55  Sentry, Gravitic Drive  
  77  5:59  Forge, Probe  
  77  6:00  Colossus, Archon, Probe  
  78  6:10  Probe  
  87  6:18  Probe  
  87  6:20  Probe  
  88  6:34  Nexus  
  88  6:35  Dark Templar  
  90  6:41  Probe  
  90  6:42  Probe, Pylon  
  90  6:46  Probe  
  93  6:51  Pylon  
  93  6:52  Stalker x2  
  97  6:54  Shield Battery  
  97  6:58  Probe  
  98  7:05  Probe  
  103  7:18  Stalker x2  
Show
View Real Time Build Order
Export as new Build Order

Future Terran 

Build Orders: Reaper Expand 

Get SALT Encoding   

  12  0:00  SCV  
  13  0:13  SCV  
  14  0:17  Supply Depot  
  14  0:25  SCV  
  15  0:39  SCV  
  15  0:40  Barracks  
  16  0:44  Refinery  
  16  0:51  SCV  
  17  1:03  SCV  
  18  1:15  SCV  
  19  1:28  Orbital Command, Reaper  
  20  1:46  Command Center  
  20  1:52  Supply Depot  
  20  1:54  SCV  
  21  2:03  Barracks Reactor  
  21  2:06  SCV  
  22  2:18  SCV  
  22  2:21  Bunker  
  23  2:31  SCV  
  24  2:40  Command Center  
  24  2:41  Marine x2  
  24  2:43  SCV  
  27  2:54  Barracks  
  27  2:55  SCV  
  28  2:58  Orbital Command  
  28  3:01  Marine  
  29  3:08  SCV  
  29  3:15  Marine  
  29  3:18  Marine  
  31  3:20  SCV  
  31  3:23  Engineering Bay  
  32  3:28  SCV  
  32  3:32  SCV  
  32  3:33  Marine  
  35  3:36  Marine  
  35  3:40  SCV  
  37  3:43  Barracks Tech Lab  
  37  3:44  SCV  
  38  3:52  SCV  
  38  3:53  Marine  
  38  3:54  Orbital Command  
  39  3:55  Terran Infantry Weapons Level 1  
  39  3:56  SCV  
  39  4:00  Marine  
  41  4:04  SCV  
  41  4:06  Refinery  
  41  4:07  Marine  
  41  4:08  Stimpack, SCV  
  44  4:10  Marine  
  44  4:16  Factory, SCV  
  46  4:17  Marine  
  46  4:19  SCV  
  46  4:21  SCV  
  49  4:28  Marine  
  49  4:29  Marine, SCV  
  49  4:30  Supply Depot  
  52  4:32  SCV  
  52  4:33  SCV  
  52  4:35  Marine  
  55  4:41  Refinery, SCV  
  55  4:44  SCV  
  55  4:45  SCV  
  58  4:47  Supply Depot, Marine  
  58  4:48  Marine  
  58  4:49  Barracks  
  60  4:53  Marine, SCV  
  60  4:56  SCV  
  60  4:57  SCV  
  64  5:02  Starport, Factory Reactor  
  64  5:05  SCV  
  64  5:06  Supply Depot  
  63  5:09  SCV  
  63  5:10  Missile Turret  
  63  5:11  Missile Turret  
  63  5:13  Marine  
  63  5:14  Marine, SCV  
  63  5:17  SCV  
  65  5:23  Marine  
  65  5:31  Marine  
  65  5:32  SCV  
  65  5:34  SCV x2  
  65  5:35  Marine  
  65  5:40  Marine  
  68  5:43  Barracks Tech Lab  
  68  5:45  SCV  
  68  5:47  Factory Reactor  
  68  5:49  Marine  
  66  5:53  Marine  
  66  5:55  Medivac  
  69  5:57  Medivac  
  69  6:01  Orbital Command, Marauder  
  73  6:05  Marauder  
  73  6:09  Orbital Command  
  75  6:13  SCV  
  75  6:15  Supply Depot x2  
  75  6:19  Marine  
  75  6:20  Marine  
  75  6:23  Marauder  
  75  6:25  Medivac  
  83  6:33  Marauder  
  83  6:40  Marine  
  83  6:44  Marauder, Marine  
  87  6:53  Supply Depot  
  89  6:54  Marauder  
  89  6:57  Marine  
  90  7:02  Marine  
  90  7:06  Marauder  
Tags
 
Add a new tag
Caveats
  • Supply blocks, unpowered buildings, or Contaminate may cause inaccurate times.
  • Supply counts are checked every 10 seconds.